AoeStats
← SDK. EL COLOMBIANO

Arena

508752883Analyzed
1v1 RM · 9d ago on Sep 23, 2026· 22m 27s· 2 players
Game mode
Random Map
Map size
Tiny (2 player)
Population
200
Speed
Normal
Resources
Standard
Victory
Conquest
Starting age
Dark Age
Ending age
Imperial Age
RankedLock teamsTeams togetherTeam positionsShared explorationLock speedFull tech treeHidden civsTurbo modeCheats
Victory
Defeat
🇨🇴 Magyars · Colombia
843
+17
🇺🇸 Persians · United States
875
-17
SDK. EL COLOMBIANO
11:41 Feudal Age
10:32 Loom
15:20 Castle Age
14:13 Double-Bit Axe
16:37 Wheelbarrow
15:47 Town Watch
17:10 Horse Collar
harpua44
7:06 Loom
9:22 Feudal Age
11:18 Double-Bit Axe
16:40 Castle Age
14:58 Horse Collar
15:34 Gold Mining
16:52 Bloodlines
16:50 Scale Barding Armor
18:11 Husbandry
Connection lost

Rejoining the realm…

Still unreachable

The connection could not be restored.

Session expired

The server has moved on; the page needs a fresh start.